 Dungeon Crawl Stone Soup version 0.21.1-1-g345015f (webtiles) character file.

13909 suicidejoker the Cleaver (level 11, -4/90 HPs)
             Began as a Deep Dwarf Necromancer on Mar 13, 2018.
             Was an Elder of Cheibriados.
             Slain by a cyclops (18 damage)
             ... on level 13 of the Dungeon.
             The game lasted 01:11:56 (13402 turns).

suicidejoker the Cleaver (Deep Dwarf Necromancer)  Turns: 13402, Time: 01:11:57

Health: -4/90      AC: 24    Str: 23    XL:     11   Next: 81%
Magic:  15/20      EV: 19    Int: 25    God:    Cheibriados [****..]
Gold:   377        SH:  0    Dex: 39    Spells: 16/27 levels left

rFire    . . .     SeeInvis .   Z - +11 war axe of Terror {flame, MR+ Dex+7}
rCold    + . .     Gourm    .   (no shield)
rNeg     . . .     Faith    .   N - +9 scale mail of Moumys {rElec Str-2 Dex+9}
rPois    .         Spirit   .   (no helmet)
rElec    +         Reflect  .   n - +2 cloak
rCorr    .         Harm     .   (no gloves)
MR       ++...                  B - +2 pair of boots
Stlth    ++........             (no amulet)
HPRegen  0.00/turn              i - ring of protection from cold
MPRegen  0.17/turn              H - +2 ring of protection

@: non-regenerating, very slow
A: damage resistance, heal wounds, talons 1, low mp 1, sense surroundings 2,
strong 1, no regeneration
a: Heal Wounds, Bend Time, Temporal Distortion, Slouch, Renounce Religion


You were on level 13 of the Dungeon.
You worshipped Cheibriados.
Cheibriados was greatly pleased with you.
You were very hungry.

You visited 2 branches of the dungeon, and saw 14 of its levels.
You also visited: Ossuary.

You collected 683 gold pieces.
You spent 306 gold pieces at shops.

Inventory:

Hand Weapons
 k - a +1 hunting sling of freezing
 y - a +0 dagger of venom
 E - a +1 hand crossbow of freezing
 V - a +1 vampiric dagger
 Z - the +11 war axe of Terror (weapon) {flame, MR+ Dex+7}
   (You found it on level 7 of the Dungeon)

   It has been specially enchanted to burn those struck by it, causing extra
   injury to most foes and up to half again as much damage against particularly
   susceptible opponents.
   Big, fiery blades are also staple armaments of hydra-hunters.
   It affects your dexterity (+7).
   It affects your resistance to hostile enchantments.
Missiles
 l - 266 stones
 o - 140 bolts
 r - 134 sling bullets
 w - 2 throwing nets
 x - 56 arrows
 G - 16 poisoned needles
 J - 18 javelins
 K - 8 tomahawks (quivered)
Armour
 n - a +2 cloak (worn)
 B - a +2 pair of boots (worn)
 N - the +9 scale mail of Moumys (worn) {rElec Str-2 Dex+9}
   (You bought it in a shop on level 6 of the Dungeon)

   It affects your strength (-2).
   It affects your dexterity (+9).
   It insulates you from electricity.
 W - a +2 robe of magic resistance
 Y - the +0 plate armour of Hitioh {rC+ rN+ Stlth+}
   (You found it on level 11 of the Dungeon)

   It protects you from cold.
   It protects you from negative energy.
   It makes you more stealthy.
Magical Staves
 e - an uncursed staff of energy {unknown}
Jewellery
 i - a ring of protection from cold (left hand)
 H - a +2 ring of protection (right hand)
 L - a +1 ring of protection
 T - an uncursed ring of flight
Wands
 q - a wand of scattershot (4)
 I - a wand of acid (7)
 M - a wand of flame (13)
 Q - a wand of digging (7)
 U - a wand of paralysis (8)
Scrolls
 d - 6 scrolls of magic mapping
 f - 3 scrolls of fog
 g - 4 scrolls of remove curse
 h - 12 scrolls of teleportation
 j - 2 scrolls of blinking {unknown}
 p - a scroll of random uselessness
 F - a scroll of acquirement {unknown}
 R - 7 scrolls of identify
Potions
 m - 7 potions of degeneration
 t - 4 potions of haste
 u - 2 potions of curing
 z - a potion of might
 D - 2 potions of flight
 O - 2 potions of magic
 S - a potion of resistance
Books
 b - a book of Necromancy

   Spells                             Type                      Level
   a - Pain                           Necromancy                   1
   b - Animate Skeleton               Necromancy                   1
   c - Vampiric Draining              Necromancy                   3
   d - Regeneration                   Charms/Necromancy            3
   e - Animate Dead                   Necromancy                   4
   f - Borgnjor's Vile Clutch         Necromancy/Earth             5
 v - a book of Party Tricks

   Spells                             Type                      Level
   a - Summon Butterflies             Summoning                    1
   b - Apportation                    Translocation                1
   c - Lesser Beckoning               Translocation                3
   d - Tukima's Dance                 Hexes                        3
   e - Alistair's Intoxication        Transmutation/Poison         5
   f - Invisibility                   Hexes                        6
 C - a book of Air

   Spells                             Type                      Level
   a - Shock                          Conjuration/Air              1
   b - Swiftness                      Charms/Air                   2
   c - Static Discharge               Conjuration/Air              3
   d - Airstrike                      Air                          4
   e - Lightning Bolt                 Conjuration/Air              5
 X - a book of Callings

   Spells                             Type                      Level
   a - Summon Small Mammal            Summoning                    1
   b - Call Imp                       Summoning                    2
   c - Call Canine Familiar           Summoning                    3
   d - Summon Guardian Golem          Hexes/Summoning              3
   e - Summon Lightning Spire         Summoning/Air                4
   f - Summon Ice Beast               Ice/Summoning                4
Miscellaneous
 s - a lightning rod (1/4)
 A - a box of beasts
Comestibles
 c - 35 rations


   Skills:
 * Level 3.2 Fighting
 * Level 9.5(9.9) Axes
   Level 3.7(6.7) Maces & Flails
 + Level 5.2 Armour
 + Level 7.8 Dodging
 - Level 2.4 Stealth
 - Level 0.1 Unarmed Combat
 * Level 8.5 Spellcasting
 * Level 0.0 Conjurations
 + Level 8.7 Necromancy
 * Level 0.0 Air Magic
 + Level 6.3 Invocations
 + Level 6.3 Evocations


You had 16 spell levels left.
You knew the following spells:

 Your Spells              Type           Power        Failure   Level  Hunger
a - Pain                  Necr           ####         1%          1    None
b - Vampiric Draining     Necr           ######....   1%          3    None
c - Animate Dead          Necr           N/A          3%          4    ##.....
d - Static Discharge      Conj/Air       ##......     38%         3    None


Dungeon Overview and Level Annotations

Branches:
Dungeon (13/15)            Temple (1/1) D:5            Lair (0/6) D:8
    Orc (0/2) D:11
 Vaults: D:13-14

Altars:
Ashenzari
Cheibriados
Dithmenos
Elyvilon
Fedhas
Gozag
Hepliaklqana
Kikubaaqudgha
Makhleb
Nemelex Xobeh
Okawaru
Qazlal
Ru
Sif Muna
Trog
Uskayaw
Vehumet
Wu Jian
Yredelemnul
Zin
The Shining One

Shops:
D:6 [   D:10 *


Innate Abilities, Weirdness & Mutations

You are resistant to damage.
You can heal yourself by infusing magical energy.
You passively map the area around you.
You do not regenerate.
You have sharp toenails.
Your magical capacity is low. (-10% MP)
Your muscles are strong. (Str +2)


Message History

* * * LOW HITPOINT WARNING * * *
You are confused.
You feel invigorated.
A seven-headed hydra comes into view.
You're too confused to move!
The cyclops hits you!
* * * LOW HITPOINT WARNING * * *
You feel better.
You feel less invigorated.
The cyclops hits you but does no damage.
A yak comes into view.
You fail to use your ability.
The yak gores you.
* * * LOW HITPOINT WARNING * * *
The yak closely misses you.
You fail to use your ability.
The yak misses you. The yak barely misses you.
The cyclops hits you but does no damage.
A yak comes into view.
You can feel time thicken for a moment.
You feel somewhat more hungry.
Cheibriados lowers the support of your attributes as your movement quickens.
The yak gores you but does no damage. The yak closely misses you.
The cyclops hits you!!
You die...

* * , , , ** *
* , , ,,* ,, *
* ,* , ,,, * ,*
,* *, ** ,* *
#,*, * , , * ,
,.Y *
#######... , *
#.####.<..[J...
* ,
#YDYY.#####...
, * ** *
#.##C@........
, ,* , * * , ,*
#.########. ,
,* ,...* ***
..... * ,,,
......., , **
######., , , *
,, .. * * * * *
** * **## * *


You could see a seven-headed hydra, a cyclops and 4 yaks.

Vanquished Creatures
  2 hydras
  A death knight (D:12)
  Pikel (D:7)
  The ghost of bat the Magician, a novice GnWn of Okawaru (D:6)
  2 cyclopes
  A manticore (D:12)
  A centaur zombie (D:12)
  A gargoyle (D:12)
  A freezing wraith (D:12)
  4 trolls
  A dream sheep (D:8)
  Grinder (D:4)
  2 hippogriffs
  A shadow (D:11)
  4 wyverns
  A basilisk (D:8)
  3 wraiths (D:12)
  2 yaks (D:8)
  2 hungry ghosts
  Menkaure (D:6)
  An acid dragon (D:8)
  Duvessa (D:4)
  3 orc warriors
  An ice beast (D:9)
  2 slaves (D:7)
  3 sky beasts
  A swamp drake (D:11)
  A necrophage (D:8)
  3 ogres
  A phantom (D:9)
  The ghost of Epsil the Chiller, an amateur DrIE of Vehumet (D:4)
  2 centaurs
  2 crocodiles
  3 big kobolds (D:8)
  5 bullfrogs
  A gnoll sergeant (D:12)
  A wyvern zombie (D:12)
  Dowan (D:4)
  4 water moccasin zombies (Ossuary)
  3 scorpions
  3 killer bees (D:12)
  8 wights
  4 howler monkeys
  5 crimson imps
  2 bullfrog skeletons
  2 gnoll shamans
  6 hounds
  9 orc wizards
  A centaur skeleton (D:7)
  A jelly (D:6)
  Crazy Yiuf (D:4)
  8 orc priests
  3 iguanas
  7 worker ants
  4 big kobold zombies (Ossuary)
  2 hound zombies (D:6)
  A hound skeleton (D:11)
  3 mummies
  17 adders
  11 gnolls
  An ooze (D:3)
  8 adder zombies
  A worm (D:6)
  3 dart slugs
  6 leopard geckos
  48 orcs
  7 giant cockroaches
  A gnoll zombie (Ossuary)
  6 goblins
  9 hobgoblins
  3 jackals
  10 kobolds
  7 quokkas
  6 bats
  5 frilled lizards
  8 hobgoblin zombies
  A jackal skeleton (D:8)
  7 kobold zombies (Ossuary)
  2 leopard gecko skeletons
  3 orc zombies
  A quokka skeleton (D:10)
  7 rats
321 creatures vanquished.

Vanquished Creatures (collateral kills)
  A freezing wraith (D:12)
  A dream sheep (D:8)
  A wraith (D:12)
  A basilisk (D:8)
  2 bullfrog skeletons
  2 gnolls (D:12)
8 creatures vanquished.

Vanquished Creatures (others)
  A giant cockroach (D:7)
1 creature vanquished.

Grand Total: 330 creatures vanquished

Notes
Turn   | Place    | Note
-------+----------+-------------------------------------------
     0 | D:1      | suicidejoker the Deep Dwarf Necromancer began the quest for the Orb.
     0 | D:1      | Reached XP level 1. HP: 15/15 MP: 3/3
   238 | D:1      | Reached XP level 2. HP: 22/22 MP: 1/5
  1228 | D:2      | Reached XP level 3. HP: 22/28 MP: 2/6
  1305 | D:2      | Reached skill level 1 in Maces & Flails
  1348 | D:2      | Learned a level 3 spell: Vampiric Draining
  1635 | D:2      | Reached XP level 4. HP: 32/36 MP: 0/8
  2228 | D:3      | Reached skill level 5 in Necromancy
  2391 | D:3      | Reached XP level 5. HP: 32/42 MP: 5/9
  2914 | D:3      | Found an ornate altar of the Wu Jian Council.
  3368 | D:4      | Noticed Duvessa
  3368 | D:4      | Noticed Dowan
  3401 | D:4      | Killed Duvessa
  3401 | D:4      | Reached XP level 6. HP: 47/49 MP: 0/11
  3404 | D:4      | Killed Dowan
  3978 | D:4      | Found a runed door.
  3989 | D:4      | Noticed Crazy Yiuf
  3996 | D:4      | Reached XP level 7. HP: 4/55 MP: 9/13
  4101 | D:4      | Reached skill level 1 in Axes
  4301 | D:4      | Noticed Grinder
  4321 | D:4      | Killed Grinder
  4321 | D:4      | Reached skill level 2 in Axes
  4408 | D:4      | Killed Crazy Yiuf
  4446 | D:4      | Noticed Epsil's ghost (amateur DrIE)
  4468 | D:4      | Killed Epsil's ghost
  4468 | D:4      | Reached skill level 3 in Axes
  4731 | D:5      | Entered Level 5 of the Dungeon
  5083 | D:5      | Found a staircase to the Ecumenical Temple.
  5233 | D:5      | Reached XP level 8. HP: 39/62 MP: 4/14
  5404 | Temple   | Entered the Ecumenical Temple
  5459 | Temple   | Became a worshipper of Cheibriados the Contemplative
  5610 | D:5      | Reached skill level 5 in Spellcasting
  5928 | D:5      | Reached skill level 4 in Axes
  6451 | D:6      | Found Methuqor's Antique Armour Shop.
  6471 | D:6      | Reached skill level 5 in Dodging
  6516 | D:6      | Bought a spiked scale mail for 180 gold pieces
  6527 | D:6      | Identified the +9 scale mail of Moumys {rElec Str-2 Dex+9} (You bought it in a shop on level 6 of the Dungeon)
  6583 | D:6      | Noticed Menkaure
  6594 | D:6      | Killed Menkaure
  6594 | D:6      | Reached skill level 5 in Axes
  6652 | D:6      | Reached * piety under Cheibriados
  6670 | D:6      | Found a sand-covered staircase.
  6675 | Ossuary  | Entered an ossuary
  6775 | Ossuary  | Gained mutation: You passively map the area around you. [Deep Dwarf growth]
  6775 | Ossuary  | Reached XP level 9. HP: 21/68 MP: 15/17
  6825 | Ossuary  | Reached ** piety under Cheibriados
  6911 | Ossuary  | Gained mutation: Your magical capacity is low. (-10% MP) [potion of mutation]
  6911 | Ossuary  | Gained mutation: You have sharp toenails. [potion of mutation]
  6911 | Ossuary  | Gained mutation: Your muscles are strong. (Str +2) [potion of mutation]
  6936 | D:6      | Reached skill level 1 in Evocations
  6994 | D:6      | Noticed bat's ghost (novice GnWn)
  7405 | D:6      | Learned a level 4 spell: Animate Dead
  7555 | D:6      | Killed bat's ghost
  7555 | D:6      | Reached skill level 6 in Axes
  7555 | D:6      | Reached skill level 1 in Armour
  7555 | D:6      | Reached skill level 1 in Invocations
  7814 | D:7      | Noticed Pikel
  7823 | D:7      | Killed Pikel
  8246 | D:7      | Reached skill level 7 in Axes
  8304 | D:7      | Got a crystal war axe
  8310 | D:7      | Identified the +11 war axe of Terror {flame, MR+ Dex+7} (You found it on level 7 of the Dungeon)
  8494 | D:9      | Reached *** piety under Cheibriados
  8623 | D:8      | Reached XP level 10. HP: 36/75 MP: 12/17
  8963 | D:8      | Noticed a three-headed hydra
  8978 | D:8      | Killed a two-headed hydra
  9194 | D:8      | Reached **** piety under Cheibriados
  9358 | D:8      | Reached skill level 8 in Axes
  9437 | D:8      | Found a staircase to the Lair.
 10022 | D:9      | Reached skill level 5 in Evocations
 10231 | D:9      | Reached skill level 5 in Invocations
 10524 | D:9      | Reached XP level 11. HP: 51/81 MP: 19/19
 10618 | D:9      | Reached ***** piety under Cheibriados
 10714 | D:10     | Entered Level 10 of the Dungeon
 11079 | D:10     | Found Xoniged's General Store.
 11083 | D:10     | Bought a scroll of enchant armour for 82 gold pieces
 11083 | D:10     | Bought 20 bolts for 44 gold pieces
 11648 | D:11     | Got a distressingly furry plate armour
 11659 | D:11     | Identified the cursed +0 plate armour of Hitioh {rC+ rN+ Stlth+} (You found it on level 11 of the Dungeon)
 11775 | D:11     | Reached skill level 1 in Fighting
 11812 | D:11     | Found a staircase to the Orcish Mines.
 12332 | D:12     | Noticed a five-headed hydra
 12343 | D:12     | Killed a three-headed hydra
 12343 | D:12     | Reached skill level 9 in Axes
 12532 | D:12     | Reached skill level 5 in Armour
 12625 | D:12     | Noticed a death knight
 12643 | D:12     | Killed a death knight
 13179 | D:13     | Learned a level 3 spell: Static Discharge
 13396 | D:13     | HP: 3/90 [cyclops (20)]
 13398 | D:13     | Noticed a seven-headed hydra
 13402 | D:13     | Slain by a cyclops

Skill      XL: |  1  2  3  4  5  6  7  8  9 10 11 |
---------------+----------------------------------+-----
Spellcasting   | 2 3 4 6 7 8 |  8.5
Maces & Flails | 1 2 3 |  3.7
Necromancy     | 5 6 7 8 |  8.7
Dodging        | 3 4 5 6 7 |  7.8
Axes           | 3 5 7 8 9 |  9.5
Evocations     | 3 5 6 |  6.3
Armour         | 2 4 5 |  5.2
Invocations    | 3 5 6 |  6.3
Fighting       | 3 |  3.2
Stealth        | |  2.4
Unarmed Combat | |  0.1

Action                   |  1- 3 |  4- 6 |  7- 9 | 10-12 || total
-------------------------+-------+-------+-------+-------++-------
Melee: Unarmed           |     6 |       |       |       ||     6
       Mace              |    49 |   141 |       |       ||   190
       Hand axe          |       |     3 |   332 |       ||   335
       Dagger            |       |       |    18 |     1 ||    19
       War axe           |       |       |     9 |   191 ||   200
       Punch             |       |       |     1 |     1 ||     2
Throw: Javelin           |       |       |     2 |       ||     2
 Cast: Pain              |    28 |     5 |     1 |     5 ||    39
       Vampiric Draining |     6 |    36 |    56 |    74 ||   172
       Animate Dead      |       |       |    10 |    19 ||    29
Invok: Slouch            |       |       |       |     6 ||     6
 Abil: Evoke Berserk Rag |       |     3 |     3 |       ||     6
       Heal Wounds       |       |       |     1 |       ||     1
Evoke: Lightning rod     |       |       |       |     4 ||     4
  Use: Scroll            |       |     4 |    11 |    14 ||    29
       Potion            |       |       |     8 |     5 ||    13
 Stab: Sleeping          |     4 |     3 |     1 |     7 ||    15
       Distracted        |       |       |       |     7 ||     7
  Eat: Chunk             |     3 |    15 |    13 |     6 ||    37
       Ration            |       |       |     2 |     1 ||     3
Armor: Robe              |    40 |    35 |       |       ||    75
       Leather armour    |       |     4 |       |       ||     4
       Skin              |       |     1 |     8 |       ||     9
       Scale mail        |       |    24 |   159 |   127 ||   310
       Plate armour      |       |       |       |     7 ||     7
Dodge: Dodged            |    84 |   120 |   232 |   295 ||   731
